 Dungeon Crawl Stone Soup version 0.22.0-75-g3901e79 (webtiles) character file.

1722 MajorAdolf the Magician (level 8, -3/52 HPs)
             Began as a Demonspawn Ice Elementalist on Sept 14, 2018.
             Slain by a yak (16 damage)
             ... on level 7 of the Dungeon.
             The game lasted 00:23:43 (6622 turns).

MajorAdolf the Magician (DsIE)                      Turns: 6622, Time: 00:23:44

Health: -3/52      AC:  4    Str:  9    XL:     8   Next: 75%
Magic:  8/19       EV: 12    Int: 19    God:
Gold:   288        SH:  4    Dex: 13    Spells: 14/21 levels left

rFire    . . .     SeeInvis .   u - +5 dagger
rCold    . . .     Gourm    .   (no shield)
rNeg     . . .     Faith    .   z - +0 robe
rPois    .         Spirit   .   (helmet restricted)
rElec    .         Reflect  +   (no cloak)
rCorr    .         Harm     .   (no gloves)
MR       .....                  (no boots)
Stlth    +++.......             i - +4 amulet of reflection
HPRegen  0.17/turn              (no ring)
MPRegen  0.16/turn              (no ring)

@: no status effects
A: horns 1, molten scales 1, nightstalker 1, rot immunity
a: no special abilities


You were on level 7 of the Dungeon.
You were very hungry.

You visited 1 branch of the dungeon, and saw 7 of its levels.

You collected 288 gold pieces.

Inventory:

Hand Weapons
 g - a +0 trident
 q - a +0 dagger
 t - a +0 short sword of flaming
 u - a +5 dagger (weapon)
 v - a +1 dagger of chaos
 y - a +0 scythe of protection
Armour
 a - a +0 robe
 r - a +0 robe
 z - a +0 robe (worn)
 D - a +1 leather armour of poison resistance
Jewellery
 i - a +4 amulet of reflection (around neck)
 w - an uncursed amulet of faith
Wands
 s - a wand of acid (9)
 B - a wand of flame (35)
Scrolls
 d - 4 scrolls of remove curse
 e - 5 scrolls of teleportation
 f - 2 scrolls of amnesia {unknown}
 j - a scroll of immolation {unknown}
 l - 3 scrolls of enchant weapon {unknown}
 E - a scroll of identify
Potions
 b - a potion of might
 h - 2 potions of brilliance
 k - 3 potions of haste {unknown}
 m - 4 potions of curing
 n - 2 potions of lignification
 o - 2 potions of mutation {unknown}
 p - a potion of resistance {unknown}
 x - 2 potions of heal wounds
 A - a potion of berserk rage {unknown}
 C - a potion of agility {unknown}
 G - 2 potions of cancellation {unknown}
Comestibles
 c - 9 rations


   Skills:
 + Level 2.0 Dodging
 - Level 1.7 Stealth
 + Level 7.4 Spellcasting
 + Level 3.5 Conjurations
 * Level 4.9 Summonings
 + Level 5.3 Ice Magic


You had 14 spell levels left.
You knew the following spells:

 Your Spells              Type           Power        Failure   Level  Hunger
a - Freeze                Ice            ####         1%          1    None
b - Throw Frost           Conj/Ice       ###...       2%          2    None
c - Summon Ice Beast      Ice/Summ       ####....     12%         4    ###....

Your spell library contained the following spells:

 Spells                   Type           Power        Failure   Level  Hunger
 Beastly Appendage        Tmut           #.....       10%         1    None
 Ozocubu's Armour         Chrm/Ice       ###.....     10%         3    #......
 Sticks to Snakes         Tmut           #.......     14%         2    None
 Throw Icicle             Conj/Ice       ###.....     16%         4    ###....
 Spider Form              Tmut/Pois      #.........   28%         3    #......
 Ice Form                 Ice/Tmut       ###.....     32%         4    ###....
 Blade Hands              Tmut           #.........   95%         5    #####..


Dungeon Overview and Level Annotations

Branches:
Dungeon (7/15)
 Temple: D:4-7

Altars:
Dithmenos
Gozag
Hepliaklqana
Makhleb
Nemelex Xobeh
Trog
Xom
Yredelemnul


Innate Abilities, Weirdness & Mutations

You have a pair of small horns on your head.
You are partially covered in molten scales. (AC +2)
You are slightly more attuned to the shadows.
You are immune to rotting.


Message History

You hit the yak.
The yak is severely wounded.
The yak closely misses you. The yak barely misses your ice beast.
Your ice beast hits the yak.
Your ice beast freezes the yak.
You hit the yak.
The yak is almost dead.
The yak gores you!
* * * LOW HITPOINT WARNING * * *
The yak gores your ice beast.
Your ice beast hits the yak but does no damage.
You barely miss the yak.
The yak is almost dead.
The yak closely misses you.
Your ice beast hits the yak but does no damage.
The yak barely misses your ice beast.
You hit the yak.
You kill the yak!
Your Dodging skill increases to level 2!
The yak gores you!
You die...

######### #.......#
###.......#
##.........#########
#..................####
#.##....@<.#######....###
#.##....YY.# ####....
#..#####.### #####
#....###...#########
#.....####.........###
#....YYYY...######...####
#...####......####.......
#..Y.######.#...........#
####.....#
#..#####...##..


You could see a yak and a friendly ice beast.

Vanquished Creatures
  Sigmund (D:5)
  A yak (D:7)
  A sky beast (D:7)
  3 ogres
  A centaur (D:7)
  A bullfrog (D:6)
  A scorpion (D:5)
  7 crimson imps
  A bullfrog zombie (D:5)
  A jelly (D:3)
  A hound (D:5)
  A gnoll shaman (D:7)
  Jessica (D:3)
  4 orc wizards
  2 worker ants
  A hound zombie (D:5)
  A worker ant zombie (D:6)
  Robin (D:4)
  6 gnolls
  7 adders
  2 shadow imps (D:5)
  An adder skeleton (D:5)
  2 worms (D:2)
  3 dart slugs
  2 leopard geckos
  6 orcs
  2 giant cockroaches
  14 goblins
  5 hobgoblins
  6 jackals
  3 quokkas
  A ball python (D:1)
  7 bats
  4 frilled lizards
  6 kobolds
  7 rats
114 creatures vanquished.

Vanquished Creatures (collateral kills)
  A yak (D:6)
  An ooze (D:6)
2 creatures vanquished.

Vanquished Creatures (others)
  A giant cockroach (D:7)
1 creature vanquished.

Grand Total: 117 creatures vanquished

Notes
Turn   | Place    | Note
-------+----------+-------------------------------------------
     0 | D:1      | MajorAdolf the Demonspawn Ice Elementalist began the quest
                  | for the Orb.
     0 | D:1      | Reached XP level 1. HP: 13/13 MP: 3/3
   394 | D:1      | Gained mutation: You have a pair of small horns on your
                  | head. [demonic ancestry]
   394 | D:1      | Reached XP level 2. HP: 8/19 MP: 0/5
   398 | D:1      | Learned a level 2 spell: Throw Frost
  1122 | D:2      | Reached XP level 3. HP: 22/24 MP: 3/6
  1554 | D:2      | Found a faded altar of an unknown god.
  1897 | D:2      | Found a bloodstained altar of Trog.
  2227 | D:2      | Reached skill level 3 in Spellcasting
  2227 | D:2      | Gained mutation: You are immune to rotting. [demonic
                  | ancestry]
  2227 | D:2      | Reached XP level 4. HP: 17/30 MP: 3/8
  2462 | D:3      | Learned a level 4 spell: Summon Ice Beast
  2594 | D:3      | Found a basalt altar of Yredelemnul.
  2609 | D:3      | Noticed Jessica
  2619 | D:3      | Killed Jessica
  2619 | D:3      | Reached skill level 4 in Spellcasting
  2619 | D:3      | Reached XP level 5. HP: 35/35 MP: 7/11
  3047 | D:4      | Noticed Robin
  3078 | D:4      | Killed Robin
  3488 | D:4      | Noticed an ogre
  3506 | D:4      | Found a shimmering altar of Xom.
  3640 | D:4      | Killed an ogre
  3640 | D:4      | Reached skill level 5 in Spellcasting
  3640 | D:4      | Gained mutation: You are partially covered in molten
                  | scales. (AC +2) [demonic ancestry]
  3640 | D:4      | Reached XP level 6. HP: 41/41 MP: 14/14
  3660 | D:4      | Found an opulent altar of Gozag.
  3661 | D:4      | Found a shadowy altar of Dithmenos.
  3662 | D:4      | Found a hazy altar of Hepliaklqana.
  3662 | D:4      | Found a burning altar of Makhleb.
  3774 | D:4      | Reached skill level 6 in Spellcasting
  4178 | D:4      | Found a sparkling altar of Nemelex Xobeh.
  4245 | D:5      | Entered Level 5 of the Dungeon
  4257 | D:5      | Noticed Sigmund
  4268 | D:5      | Killed Sigmund
  4268 | D:5      | Reached XP level 7. HP: 45/46 MP: 7/16
  4812 | D:5      | Reached skill level 7 in Spellcasting
  4812 | D:5      | Reached skill level 5 in Ice Magic
  4826 | D:5      | Found Heykar's Antique Weapon Shoppe.
  5461 | D:6      | Gained mutation: You are slightly more attuned to the
                  | shadows. [demonic ancestry]
  5461 | D:6      | Reached XP level 8. HP: 47/52 MP: 15/18
  5665 | D:6      | Reached skill level 1 in Summonings
  6622 | D:7      | Slain by a yak

Skill      XL: |  1  2  3  4  5  6  7  8 |
---------------+-------------------------+-----
Ice Magic      | 3 4 5 |  5.3
Spellcasting   | 3 4 5 6 7 |  7.4
Conjurations   | 2 3 |  3.5
Summonings     | 4 |  4.9
Dodging        | 2 |  2.0
Stealth        | |  1.7

Action                   |  1- 3 |  4- 6 |  7- 9 || total
-------------------------+-------+-------+-------++-------
Melee: Unarmed           |    13 |       |       ||    13
       Dagger            |    34 |    78 |    90 ||   202
       Headbutt          |     4 |     8 |    11 ||    23
       Short sword       |       |     1 |       ||     1
 Cast: Freeze            |    58 |    49 |    83 ||   190
       Throw Frost       |       |     4 |     6 ||    10
       Summon Ice Beast  |       |       |     5 ||     5
  Use: Potion            |     1 |     2 |       ||     3
       Scroll            |       |     7 |       ||     7
 Stab: Sleeping          |     1 |       |     2 ||     3
       Distracted        |       |       |     1 ||     1
  Eat: Chunk             |     2 |     5 |     7 ||    14
       Ration            |     1 |       |       ||     1
Armor: Robe              |    26 |     9 |    27 ||    62
       Skin              |       |     3 |       ||     3
Dodge: Dodged            |    67 |    58 |    78 ||   203
Block: Other             |     3 |    23 |    21 ||    47
